 Dungeon Crawl Stone Soup version 0.24-a0-506-g958ff8eaa0 (webtiles) character file.

Game seed: 14534899262060599067

7996 Ablot the Magician (level 11, 0/84 HPs)
             Began as a Gnoll Skald on July 18, 2019.
             Was an Elder of Okawaru.
             Slain by an unseen horror (9 damage)
             ... on level 10 of the Dungeon.
             The game lasted 00:32:34 (9999 turns).

Ablot the Magician (Gnoll Skald)                    Turns: 9999, Time: 00:32:35

Health: 0/84       AC: 10    Str: 16    XL:     11   Next: 24%
Magic:  12/22      EV: 21    Int: 21    God:    Okawaru [****..]
Gold:   394        SH:  5    Dex: 14    Spells: 8/25 levels left

rFire    . . .     SeeInvis .   J - +0 trident
rCold    . . .     Gourm    .   K - +0 buckler
rNeg     . . .     Faith    .   b - +0 leather armour
rPois    .         Spirit   .   F - +1 helmet
rElec    .         Reflect  .   a - +0 cloak
rCorr    .         Harm     .   B - +0 pair of gloves
MR       .....                  l - +0 pair of boots
Stlth    +++.......             (no amulet)
HPRegen  0.24/turn              Y - +4 ring of intelligence
MPRegen  0.18/turn              A - +5 ring of evasion

@: no status effects
A: distributed training, fangs 1, strong nose
a: Heroism, Renounce Religion


You were on level 10 of the Dungeon.
You worshipped Okawaru.
Okawaru was greatly pleased with you.
You were hungry.

You visited 2 branches of the dungeon, and saw 11 of its levels.

You collected 394 gold pieces.

Inventory:

Hand Weapons
 J - a +0 trident (weapon)
Missiles
 e - 382 stones
 g - 128 arrows
 r - 64 sling bullets
 x - 47 poisoned darts (quivered)
 y - 145 bolts
 C - 11 atropa-tipped darts
 M - 7 curare-tipped darts
 S - a throwing net
Armour
 a - a +0 cloak (worn)
 b - a +0 leather armour (worn)
 l - a +0 pair of boots (worn)
 B - a +0 pair of gloves (worn)
 F - a +1 helmet (worn)
 K - a +0 buckler (worn)
Jewellery
 A - a +5 ring of evasion (right hand)
 L - an uncursed ring of see invisible
 W - a +4 ring of evasion
 Y - a +4 ring of intelligence (left hand)
Wands
 f - a wand of flame (31)
 G - a wand of acid (12)
 H - a wand of disintegration (11)
 Z - a wand of iceblast (8)
Scrolls
 i - 4 scrolls of fear {unknown}
 j - 7 scrolls of teleportation
 m - 8 scrolls of remove curse
 n - 5 scrolls of amnesia {unknown}
 s - 3 scrolls of magic mapping {unknown}
 t - 3 scrolls of enchant armour {unknown}
 u - a scroll of enchant weapon {unknown}
 N - a scroll of immolation {unknown}
 R - a scroll of random uselessness {unknown}
 T - 2 scrolls of fog {unknown}
Potions
 c - a potion of might
 k - 4 potions of mutation
 o - 3 potions of berserk rage
 v - a potion of curing
 w - 2 potions of cancellation
 z - 2 potions of heal wounds
 E - a potion of brilliance {unknown}
 I - a potion of degeneration {unknown}
 O - a potion of resistance {unknown}
 P - a potion of lignification
 U - 2 potions of agility
 V - 3 potions of flight
Comestibles
 d - 22 rations
 q - 3 chunks of flesh


   Skills:
 + Level 7.6 Fighting
 + Level 6.0 Short Blades
 + Level 6.0 Long Blades
 + Level 6.0 Axes
 + Level 6.0 Maces & Flails
 + Level 7.6 Polearms
 + Level 6.0 Staves
 + Level 6.0 Slings
 + Level 6.0 Bows
 + Level 6.0 Crossbows
 + Level 6.0 Throwing
 + Level 6.6 Armour
 + Level 7.6 Dodging
 + Level 6.0 Stealth
 + Level 6.0 Shields
 + Level 6.0 Unarmed Combat
 + Level 7.9 Spellcasting
 + Level 4.9 Conjurations
 + Level 4.9 Hexes
 + Level 7.5 Charms
 + Level 4.9 Summonings
 + Level 4.9 Necromancy
 + Level 4.9 Translocations
 + Level 4.9 Transmutations
 + Level 4.9 Fire Magic
 + Level 4.9 Ice Magic
 + Level 4.9 Air Magic
 + Level 4.9 Earth Magic
 + Level 4.9 Poison Magic
 + Level 6.5 Invocations
 + Level 6.0 Evocations


You had 8 spell levels left.
You knew the following spells:

 Your Spells              Type           Power        Failure   Level  Hunger
a - Infusion              Chrm           ####         1%          1    None
b - Song of Slaying       Chrm           #####...     1%          2    None
c - Shroud of Golubria    Chrm/Tloc      ####..       1%          2    None
d - Regeneration          Chrm/Necr      ####......   2%          3    None
e - Spectral Weapon       Hex/Chrm       ####....     2%          3    None
f - Call Canine Familiar  Summ           ####....     3%          3    None
g - Confuse               Hex            ####....     3%          3    None

Your spell library contained the following spells:

 Spells                   Type           Power        Failure   Level  Hunger
 Confusing Touch          Hex            ####..       1%          1    None
 Summon Small Mammal      Summ           ####         1%          1    None
 Call Imp                 Summ           ####....     1%          2    None
 Gell's Gravitas          Tloc           ####......   3%          3    None
 Summon Guardian Golem    Hex/Summ       ####....     3%          3    None
 Petrify                  Tmut/Erth      ####....     12%         4    ###....
 Summon Ice Beast         Ice/Summ       ####....     12%         4    ###....
 Summon Lightning Spire   Summ/Air       ####....     12%         4    ###....
 Metabolic Englaciation   Hex/Ice        ####......   34%         5    #####..
 Yara's Violent Unravell  Hex/Tmut       ####......   34%         5    #####..


Dungeon Overview and Level Annotations

Branches:
Dungeon (10/15)            Temple (1/1) D:5             Orc (0/2) D:9
   Lair: D:8-11

Altars:
Ashenzari
Cheibriados
Dithmenos
Elyvilon
Fedhas
Gozag
Hepliaklqana
Kikubaaqudgha
Makhleb
Nemelex Xobeh
Okawaru
Qazlal
Ru
Sif Muna
Trog
Uskayaw
Vehumet
Wu Jian
Xom
Yredelemnul
Zin
The Shining One

Annotations:
D:8 1 runed translucent door, anet's ghost, novice HOFi
D:10 Nergalle


Innate Abilities, Weirdness & Mutations

Your experience applies equally to all skills.
You have very sharp teeth.
Your uncanny sense of smell can sniff out nearby items.


Message History

Your skin is crawling a little less now.
Something barely misses you. Something hits you.
* * * LOW HITPOINT WARNING * * *
You hit something but do no damage. Something barely misses you.
You hit something but do no damage. Something hits you but does no damage.
You puncture something!
Your spectral weapon fades away.
Something barely misses you. Something closely misses you.
You closely miss something. Something hits you.
* * * LOW HITPOINT WARNING * * *
Casting: Shroud of Golubria (safe; 1% risk of failure)
Confirm with . or Enter, or press ? or * to list all spells.
You draw out your weapon's spirit!
Your skin stops crawling.
Your shroud bends something's attack away!
The orc priest mumbles some strange prayers to Beogh against you.
Beogh smites you!
* * * LOW HITPOINT WARNING * * *
You barely miss something. Something hits you!
You die...

#... #. ###.?. ##
......############
#.....##.......## ##
#..$...$....)..##
### #.
#(.).....oo#...###.#
##
#..##.##.Oh###o.#..#
#.# ######{####O...#
### # .o.
##@###.o..####)# #.
h.. #.(##....##..##
## .....
##...)......## ....
#..........# . ...#
#.....###..## #.
#......### ##..## #.
.......## ##..# #.
.......# ##..# ##
####...# ####...#


You could see a two-headed ogre, a warg, an orc priest, an orc and a friendly
spectral +0 trident.

Vanquished Creatures
  2 two-headed ogres
  Psyche (D:10)
  A gargoyle (D:6)
  Grinder (D:6)
  2 hippogriffs (D:9)
  A wraith (D:10)
  3 yaks (D:9)
  Grum (D:10)
  A water moccasin (D:9)
  2 orc warriors
  A sky beast (D:5)
  A black bear (D:6)
  A necrophage (D:9)
  A phantom (D:7)
  3 ice beasts
  3 wolves
  5 ogres
  A crocodile (D:10)
  3 centaurs
  2 big kobolds
  4 bullfrogs
  A wyvern zombie (D:9)
  3 scorpions
  5 killer bees (D:9)
  7 wights
  A howler monkey (D:8)
  3 crimson imps
  A quasit (D:8)
  2 centaur zombies
  6 hounds
  3 centaur skeletons
  7 orc priests
  3 jellies
  4 orc wizards
  A bullfrog skeleton (D:9)
  Natasha (thrice) (D:4)
  3 iguanas
  6 worker ants
  A killer bee zombie (D:9)
  2 hound skeletons
  Robin (D:4)
  A gnoll (D:3)
  7 adders
  2 shadow imps
  2 adder zombies
  5 worms
  3 dart slugs (D:1)
  5 leopard geckos
  25 orcs
  2 ball pythons
  10 giant cockroaches
  20 goblins
  10 hobgoblins
  6 jackals
  8 quokkas
  12 bats
  5 frilled lizards
  18 kobolds
  11 rats
255 creatures vanquished.

Vanquished Creatures (collateral kills)
  An orc warrior (D:9)
  A killer bee (D:9)
  An orc (D:9)
3 creatures vanquished.

Vanquished Creatures (others)
  A fungus (D:8)
  3 plants (D:8)
  A spectral weapon (D:10)
5 creatures vanquished.

Grand Total: 263 creatures vanquished

Notes
Turn   | Place    | Note
-------+----------+-------------------------------------------
     0 | D:1      | Ablot the Gnoll Skald began the quest for the Orb.
     0 | D:1      | Reached XP level 1. HP: 20/20 MP: 6/6
    69 | D:1      | Reached XP level 2. HP: 26/26 MP: 7/7
    87 | D:1      | Learned a level 2 spell: Song of Slaying
    90 | D:1      | Learned a level 2 spell: Shroud of Golubria
   390 | D:1      | Reached XP level 3. HP: 31/31 MP: 9/9
   456 | D:1      | Reached skill level 5 in Spellcasting
   968 | D:2      | Reached skill level 1 in Invocations
  1085 | D:2      | Reached skill level 1 in Short Blades
  1085 | D:2      | Reached skill level 1 in Long Blades
  1085 | D:2      | Reached skill level 1 in Axes
  1085 | D:2      | Reached skill level 1 in Maces & Flails
  1085 | D:2      | Reached skill level 1 in Staves
  1085 | D:2      | Reached skill level 1 in Slings
  1085 | D:2      | Reached skill level 1 in Bows
  1085 | D:2      | Reached skill level 1 in Crossbows
  1085 | D:2      | Reached skill level 1 in Throwing
  1085 | D:2      | Reached skill level 1 in Stealth
  1085 | D:2      | Reached skill level 1 in Shields
  1085 | D:2      | Reached skill level 1 in Unarmed Combat
  1085 | D:2      | Reached skill level 1 in Evocations
  1090 | D:2      | Learned a level 3 spell: Regeneration
  1094 | D:2      | Learned a level 3 spell: Spectral Weapon
  1097 | D:2      | Found a shimmering altar of Xom.
  1192 | D:2      | Reached XP level 4. HP: 38/38 MP: 11/11
  1935 | D:3      | Found a radiant altar of Vehumet.
  1938 | D:3      | Found an opulent altar of Gozag.
  1939 | D:3      | Found a shadowy altar of Dithmenos.
  2117 | D:3      | Reached skill level 1 in Conjurations
  2117 | D:3      | Reached skill level 1 in Hexes
  2117 | D:3      | Reached skill level 1 in Summonings
  2117 | D:3      | Reached skill level 1 in Necromancy
  2117 | D:3      | Reached skill level 1 in Translocations
  2117 | D:3      | Reached skill level 1 in Transmutations
  2117 | D:3      | Reached skill level 1 in Fire Magic
  2117 | D:3      | Reached skill level 1 in Ice Magic
  2117 | D:3      | Reached skill level 1 in Air Magic
  2117 | D:3      | Reached skill level 1 in Earth Magic
  2117 | D:3      | Reached skill level 1 in Poison Magic
  2202 | D:3      | Reached XP level 5. HP: 38/43 MP: 4/12
  2881 | D:3      | You fall into a shaft and drop 3 floors!
  2994 | D:6      | Noticed Grinder
  3008 | D:6      | Killed Grinder
  3008 | D:6      | Reached skill level 5 in Fighting
  3008 | D:6      | Reached skill level 5 in Polearms
  3008 | D:6      | Reached skill level 5 in Dodging
  3008 | D:6      | Reached XP level 6. HP: 24/51 MP: 0/14
  3116 | D:5      | Entered Level 5 of the Dungeon
  3416 | D:4      | Noticed Robin
  3449 | D:4      | Killed Robin
  3478 | D:4      | Reached XP level 7. HP: 37/56 MP: 8/15
  3923 | D:4      | Noticed Natasha
  3929 | D:4      | Killed Natasha
  4016 | D:4      | Noticed Natasha
  4023 | D:4      | Killed Natasha
  4221 | D:4      | Noticed Natasha
  4230 | D:4      | Killed Natasha
  4664 | D:5      | Reached XP level 8. HP: 53/63 MP: 13/16
  4905 | D:5      | Found a staircase to the Ecumenical Temple.
  4915 | Temple   | Entered the Ecumenical Temple
  5505 | D:6      | Reached XP level 9. HP: 69/69 MP: 13/18
  5896 | D:6      | Noticed a gargoyle
  5916 | D:6      | Killed a gargoyle
  5925 | D:6      | Learned a level 3 spell: Call Canine Familiar
  6009 | D:7      | Reached skill level 5 in Armour
  6229 | D:7      | Found an iron altar of Okawaru.
  6235 | D:7      | Became a worshipper of Warmaster Okawaru
  7061 | D:8      | Reached skill level 5 in Invocations
  7253 | D:8      | Learned a level 3 spell: Confuse
  7257 | D:8      | Found a runed translucent door.
  7265 | D:8      | Noticed anet's ghost (novice HOFi)
  7274 | D:8      | Noticed a polar bear
  7441 | D:8      | Found an ornate altar of the Wu Jian Council.
  7479 | D:8      | Reached XP level 10. HP: 77/77 MP: 15/20
  7519 | D:8      | Reached * piety under Okawaru
  7595 | D:8      | Identified the +10 spear of Patience {venom, MR++}
  7968 | D:9      | Found a staircase to the Orcish Mines.
  8185 | D:9      | Reached skill level 5 in Short Blades
  8185 | D:9      | Reached skill level 5 in Long Blades
  8185 | D:9      | Reached skill level 5 in Axes
  8185 | D:9      | Reached skill level 5 in Maces & Flails
  8185 | D:9      | Reached skill level 5 in Staves
  8185 | D:9      | Reached skill level 5 in Slings
  8185 | D:9      | Reached skill level 5 in Bows
  8185 | D:9      | Reached skill level 5 in Crossbows
  8185 | D:9      | Reached skill level 5 in Throwing
  8185 | D:9      | Reached skill level 5 in Stealth
  8185 | D:9      | Reached skill level 5 in Shields
  8185 | D:9      | Reached skill level 5 in Unarmed Combat
  8185 | D:9      | Reached skill level 5 in Evocations
  8432 | D:9      | Noticed a two-headed ogre
  8543 | D:9      | Reached ** piety under Okawaru
  9152 | D:9      | Killed a two-headed ogre
  9152 | D:9      | Reached *** piety under Okawaru
  9186 | D:10     | Entered Level 10 of the Dungeon
  9186 | D:10     | Noticed Grum
  9348 | D:10     | Killed Grum
  9348 | D:10     | Reached XP level 11. HP: 67/84 MP: 9/22
  9371 | D:10     | Noticed Nergalle
  9408 | D:10     | Noticed Psyche
  9418 | D:10     | Killed Psyche
  9418 | D:10     | Received a gift from Okawaru
  9774 | D:10     | Noticed a two-headed ogre
  9799 | D:10     | Killed a two-headed ogre
  9799 | D:10     | Reached **** piety under Okawaru
  9946 | D:10     | Noticed a two-headed ogre
  9958 | D:10     | HP: 4/84 [something (8)]
  9999 | D:10     | Slain by an unseen horror

Levels and vault maps discovered:
D:1:      mrwooster_arrival_statue, layout_basic,
          hangedman_decor_clover_reticule, grunt_decor_fettered,
          chequers_big_river, minmay_misc_feat_diagonals,
          minmay_misc_feat_encased
D:2:      layout_basic, lemuel_round_altar, hex_medium, grunt_ministairs_10
D:3:      minmay_razor_zed, layout_basic, grunt_temple_overflow_open,
          first_ration
D:4:      layout_loops_ring, uniq_natasha, uniq_robin
D:5:      layout_cave_pools, minmay_temple_entry_slanted
D:6:      layout_loops_corners, mrwooster_statue_mirror, grunt_decor_cap,
          uniq_grinder
D:7:      layout_basic, okawaru_trees_2, chequers_serial_rivers_room_b,
          grunt_ogre_cave
D:8:      layout_basic, lemuel_doored_altar, ebering_ghost_funeral_grove,
          serial_curves, eino_curves_04, eino_curves_03
D:9:      layout_irregular_city, david_orc_3
D:10:     layout_layer_cave, erik_lair_orcish_takeover, roderic_roman_lattice,
          uniq_grum, uniq_nergalle, uniq_psyche
Temple:   nicolae_temple_x_marks_the_god

Skill      XL: |  1  2  3  4  5  6  7  8  9 10 11 |
---------------+----------------------------------+-----
Spellcasting   | 5 6 7 |  7.9
Invocations    | 1 2 3 4 5 6 |  6.5
Short Blades   | 1 2 3 4 5 6 |  6.0
Long Blades    | 1 2 3 4 5 6 |  6.0
Axes           | 1 2 3 4 5 6 |  6.0
Maces & Flails | 1 2 3 4 5 6 |  6.0
Staves         | 1 2 3 4 5 6 |  6.0
Slings         | 1 2 3 4 5 6 |  6.0
Bows           | 1 2 3 4 5 6 |  6.0
Crossbows      | 1 2 3 4 5 6 |  6.0
Throwing       | 1 2 3 4 5 6 |  6.0
Stealth        | 1 2 3 4 5 6 |  6.0
Shields        | 1 2 3 4 5 6 |  6.0
Unarmed Combat | 1 2 3 4 5 6 |  6.0
Evocations     | 1 2 3 4 5 6 |  6.0
Conjurations   | 1 2 3 4 |  4.9
Hexes          | 1 2 3 4 |  4.9
Summonings     | 1 2 3 4 |  4.9
Necromancy     | 1 2 3 4 |  4.9
Translocations | 1 2 3 4 |  4.9
Transmutations | 1 2 3 4 |  4.9
Fire Magic     | 1 2 3 4 |  4.9
Ice Magic      | 1 2 3 4 |  4.9
Air Magic      | 1 2 3 4 |  4.9
Earth Magic    | 1 2 3 4 |  4.9
Poison Magic   | 1 2 3 4 |  4.9
Fighting       | 5 6 7 |  7.6
Polearms       | 5 6 7 |  7.6
Armour         | 3 4 5 6 |  6.6
Dodging        | 5 6 7 |  7.6
Charms         | 6 7 |  7.5

Action                   |  1- 3 |  4- 6 |  7- 9 | 10-12 || total
-------------------------+-------+-------+-------+-------++-------
Melee: Spear             |   148 |   250 |   122 |       ||   520
       Bite              |    12 |    27 |    47 |    37 ||   123
       Punch             |     1 |     1 |     6 |     6 ||    14
       Trident           |       |       |   295 |   341 ||   636
Throw: Dart              |       |       |       |     4 ||     4
 Cast: Shroud of Golubri |     2 |     9 |    28 |    27 ||    66
       Infusion          |     2 |     1 |     3 |     3 ||     9
       Spectral Weapon   |       |     9 |    27 |    27 ||    63
       Regeneration      |       |     3 |     9 |    11 ||    23
       Song of Slaying   |       |     4 |     3 |     4 ||    11
       Confuse           |       |       |       |    12 ||    12
       Call Canine Famil |       |       |       |     2 ||     2
  Use: Scroll            |       |     3 |     5 |     5 ||    13
       Potion            |       |       |       |     4 ||     4
 Stab: Sleeping          |     2 |     6 |    12 |     5 ||    25
       Distracted        |       |     2 |     1 |     1 ||     4
       Confused          |       |       |       |    10 ||    10
  Eat: Chunk             |     1 |     8 |    16 |     9 ||    34
Armor: Leather armour    |    23 |    57 |    70 |    80 ||   230
Dodge: Dodged            |    68 |   103 |   287 |   350 ||   808
Block: Buckler           |       |       |       |    10 ||    10

Table legend:
 A = Non-vault XP
 B = Vault XP
 C = Vault XP percentage of total XP
 D = Non-vault monster count
 E = Vault monster count
 F = Vault count percentage of total count
                 A         B        C        D         E       F
            +---------+---------+-------+---------+---------+-------
      Total |    9672 |    1751 |  15.3 |     214 |      44 |  17.1
            +---------+---------+-------+---------+---------+-------
        D:1 |      46 |       0 |   0.0 |      25 |       0 |   0.0
        D:2 |      68 |       4 |   5.6 |      25 |       2 |   7.4
        D:3 |      52 |      61 |  54.0 |      23 |      15 |  39.5
        D:4 |     165 |      73 |  30.7 |       8 |      13 |  61.9
        D:5 |     737 |       0 |   0.0 |      17 |       0 |   0.0
        D:6 |    1694 |     295 |  14.8 |      21 |       1 |   4.5
        D:7 |     835 |     121 |  12.7 |      23 |       1 |   4.2
        D:8 |     799 |      87 |   9.8 |      24 |       4 |  14.3
        D:9 |    3720 |     165 |   4.2 |      38 |       3 |   7.3
       D:10 |    1556 |     945 |  37.8 |      10 |       5 |  33.3
            +---------+---------+-------+---------+---------+-------
